 Seeded DCSS version 0.28.0-62-gf88900778d (webtiles) character file.

Game seed: 13591998346360536447 (custom seed)

10 Psyclone the Conjurer (level 2, -1/20 HPs)
             Began as a Gnoll Conjurer on Oct 26, 2023.
             Slain by a hound skeleton (4 damage)
             ... on level 4 of the Dungeon.
             The game lasted 00:00:15 (877 turns).

Psyclone the Conjurer (Gnoll Conjurer)               Turns: 877, Time: 00:00:15

Health: -1/20      AC:  2    Str:  6    XL:     2   Next: 20%
Magic:  5/7        EV: 13    Int: 17    God:
Gold:   1956       SH:  0    Dex: 10    Spells: 7/10 levels left

rFire   . . .      SeeInvis .   (no weapon)
rCold   . . .      Faith    .   (no shield)
rNeg    . . .      Spirit   .   a - +0 robe
rPois   .          Reflect  .   (no helmet)
rElec   .          Harm     .   (no cloak)
rCorr   .          Rampage  .   (no gloves)
Will    .....                   (no boots)
Stlth   ++........              (no amulet)
HPRegen 0.06/turn               (no ring)
MPRegen 0.10/turn               (no ring)

@: no status effects
A: fangs 1, strong nose, distributed training
a: no special abilities


You were on level 4 of the Dungeon.
You visited 1 branch of the dungeon, and saw 4 of its levels.

You collected 1956 gold pieces.

Inventory:

Hand Weapons
 b - a +4 arbalest of flaming
Armour
 a - a +0 robe (worn)
Scrolls
 c - a scroll of teleportation {unknown}
 d - a scroll of identify {unknown}


   Skills:
 + Level 0.3 Fighting
 + Level 0.3 Short Blades
 + Level 0.3 Long Blades
 + Level 0.3 Axes
 + Level 0.3 Maces & Flails
 + Level 0.3 Polearms
 + Level 0.3 Staves
 + Level 0.3 Slings
 + Level 0.3 Bows
 + Level 0.3 Crossbows
 + Level 0.3 Throwing
 + Level 0.3 Armour
 + Level 4.4 Dodging
 + Level 4.0 Stealth
 + Level 0.3 Shields
 + Level 0.3 Unarmed Combat
 + Level 4.9 Spellcasting
 + Level 7.0 Conjurations
 + Level 0.2 Hexes
 + Level 0.2 Summonings
 + Level 0.2 Necromancy
 + Level 0.2 Translocations
 + Level 0.2 Transmutations
 + Level 0.2 Fire Magic
 + Level 0.2 Ice Magic
 + Level 0.2 Air Magic
 + Level 0.2 Earth Magic
 + Level 0.2 Poison Magic
 + Level 0.4 Invocations
 + Level 0.3 Evocations


You had 7 spell levels left.
You knew the following spells:

 Your Spells              Type           Power      Damage    Failure   Level
a - Magic Dart            Conj           100%       1d8       1%          1
b - Searing Ray           Conj           56%        2d6       1%          2

Your spell library contained the following spells:

 Spells                   Type           Power      Damage    Failure   Level
 Dazzling Flash           Conj/Hex       32%        N/A       10%         3
 Fulminant Prism          Conj/Hex       8%         3d7       32%         4
 Iskenderun's Mystic Bla  Conj/Tloc      16%        2d5       32%         4
 Leda's Liquefaction      Hex/Erth       2%         N/A       78%         4
 Iron Shot                Conj/Erth      8%         9d3       99%         6
 Enfeeble                 Hex            2%         N/A       100%        7
 Orb of Destruction       Conj           14%        9d7       100%        7
 Spellforged Servitor     Conj/Summ      8%         N/A       100%        7


Dungeon Overview and Level Annotations

Branches:
Dungeon (4/15)
 Temple: D:4-7

Altars:
The Shining One


Innate Abilities, Weirdness & Mutations

You have very sharp teeth.
Your uncanny sense of smell can sniff out nearby items.
Your experience applies equally to all skills.


Message History

(Press . to maintain the ray.)
The hound skeleton bites you but does no damage.
You now have 5/7 mp.
There are monsters nearby!
You hit the endoplasm. Your bite misses the endoplasm.
The endoplasm is moderately wounded.
The hound skeleton barely misses you.
The hound skeleton bites you but does no damage.
The endoplasm freezes you.
You are frozen.
The hound skeleton bites you.
* * * LOW HITPOINT WARNING * * *
You hit the hound skeleton but do no damage.
The hound skeleton bites you but does no damage.
The endoplasm closely misses you. The hound skeleton closely misses you.
The hound skeleton bites you but does no damage.
You hit the hound skeleton.
The hound skeleton is lightly damaged.
The hound skeleton bites you but does no damage.
The hound skeleton misses you. The endoplasm barely misses you.
You hit the hound skeleton.
You bite the hound skeleton, but do no damage.
The hound skeleton is moderately damaged.
The hound skeleton bites you.
* * * LOW HITPOINT WARNING * * *
The hound skeleton bites you.
* * * LOW HITPOINT WARNING * * *
The endoplasm misses you.
You hit the hound skeleton but do no damage.
You bite the hound skeleton, but do no damage.
The hound skeleton is moderately damaged.
The hound skeleton barely misses you.
The hound skeleton completely misses you.
The endoplasm hits you but does no damage.
The hound skeleton closely misses you.
The hound skeleton bites you but does no damage.
You barely miss the hound skeleton.
The hound skeleton is moderately damaged.
The hound skeleton bites you but does no damage.
The hound skeleton bites you.
You die...

.... .... ....... ..
....(...#
######.###.......#
###.......##.......#
........#.##.......#
###.....#.?#..$....#
........J..#.......#
#<....@Z.:........#
##...Z...#........#
.......####.).......
####### #.........∆
#.........
##.#.##... #.#.# ..
#>#.# . #.#.##


You could see an endoplasm and 2 hound skeletons.

Vanquished Creatures
  An endoplasm (D:4)
  3 jackals (D:1)
  A kobold (D:1)
  2 ball pythons
  2 rats (D:1)
9 creatures vanquished.

Notes
Turn   | Place    | Note
-------+----------+-------------------------------------------
     0 | D:1      | Psyclone the Gnoll Conjurer began the quest for the Orb.
     0 | D:1      | Reached XP level 1. HP: 13/13 MP: 6/6
   286 | D:2      | Identified a scroll of acquirement
   286 | D:2      | Acquired a +4 arbalest of flaming
   348 | D:1      | Reached XP level 2. HP: 19/19 MP: 5/7
   479 | D:2      | Acquired 938 gold pieces
   534 | D:2      | Acquired 978 gold pieces
   573 | D:3      | Found a glowing golden altar of the Shining One.
   581 | D:3      | Learned a level 2 spell: Searing Ray
   694 | D:4      | Acquired Psyclone's Guide on Enchanting Battle Magic
   877 | D:4      | Slain by a hound skeleton

Illustrated notes

Levels and vault maps discovered:
D:1:      wander_arrival_fairy_ring, layout_basic, chequers_serial_rivers_room_a
D:2:      layout_loops_ring, shapermc_ecumenical_altar_venn, uniq_natasha
D:3:      layout_loops_ring, mainiacjoe_overflow_chevrons,
          gammafunk_ghost_arena, hangedman_glass_teeth
D:4:      layout_basic, nicolae_hepliaklqana_monster_ancestors,
          due_unseen_surprise

Action                   || total
-------------------------++-------
Melee: Unarmed           ||     9
       Bite              ||     3
 Cast: Magic Dart        ||     9
       Searing Ray       ||     2
  Use: Scroll            ||     4
Armor: Robe              ||    11
Dodge: Dodged            ||    18
